AoeStats
← VX | Oblígame Perro!

Pilgrims

508805765Analyzed
4v4 RM · 9d ago on Sep 24, 2026· 26m 48s· 8 players
Game mode
Random Map
Map size
Large (8 player)
Population
200
Speed
Normal
Resources
Standard
Victory
Conquest
Starting age
Dark Age
Ending age
Imperial Age
RankedLock teamsTeams togetherTeam positionsShared explorationLock speedFull tech treeHidden civsTurbo modeCheats
Victory
Defeat
🇲🇽 Persians · Mexico
1733
+10
🇨🇱 Britons · Chile
1687
+12
🇲🇽 Bohemians · Mexico
1601
+16
1467
+22
🇺🇸 Portuguese · United States
1645
-17
🇲🇽 Bulgarians · Mexico
1620
-16
1580
-14
🇲🇽 Chinese · Mexico
1543
-13
VL Le_Manch
3:42 Loom
10:37 Feudal Age
11:39 Double-Bit Axe
12:08 Town Watch
13:07 Fishing Lines
15:08 Wheelbarrow
19:10 Fletching
19:31 Forging
22:58 Castle Age
23:59 Medium Warships
24:03 Bodkin Arrow
27:17 Bow Saw
VL Carlos Manzo
8:04 Loom
10:12 Feudal Age
15:55 Castle Age
14:24 Double-Bit Axe
15:02 Horse Collar
16:31 Scale Mail Armor
17:43 Chain Mail Armor
18:31 Forging
18:42 Squires
18:29 Gambesons
21:23 Arson
23:39 Iron Casting
VL SlenderMan
3:15 Loom
10:57 Feudal Age
11:38 Feudal Age
15:23 Castle Age
14:11 Double-Bit Axe
15:01 Fishing Lines
15:59 Fletching
21:09 Wheelbarrow
25:18 Stone Mining
25:18 Gold Mining
26:16 Bodkin Arrow
VL La Parca (Red Paladin)
1:21 Loom
11:35 Feudal Age
13:10 Wheelbarrow
13:35 Double-Bit Axe
14:52 Fletching
20:23 Fishing Lines
23:34 Castle Age
23:34 Demolition Ship
24:29 Medium Warships
Vx | Boomin
7:53 Loom
8:41 Loom
10:27 Feudal Age
14:15 Castle Age
13:40 Double-Bit Axe
14:08 Loom
16:07 Scale Barding Armor
19:37 Forging
21:32 Chain Barding Armor
25:01 Husbandry
26:59 Bloodlines
26:38 Horse Collar
VX | Oblígame Perro!
11:51 Feudal Age
12:45 Loom
15:41 Castle Age
14:00 Stone Mining
15:59 Double-Bit Axe
15:55 Horse Collar
17:11 Fishing Lines
19:59 Wheelbarrow
20:35 Scale Mail Armor
20:31 Fletching
22:18 Bodkin Arrow
LvT | ZcPeter
3:41 Loom
11:38 Feudal Age
12:12 Double-Bit Axe
12:42 Town Watch
13:33 Wheelbarrow
16:06 Fishing Lines
19:50 Castle Age
19:17 Fletching
19:27 Padded Archer Armor
20:47 Medium Warships
20:33 Bodkin Arrow
22:44 Hand Cart
22:59 Ballistics
23:06 Siphons
26:12 Bow Saw
David Rasie
3:46 Loom
4:48 Loom
11:52 Feudal Age
15:46 Castle Age
14:07 Fletching
14:10 Stone Mining
15:04 Double-Bit Axe
15:29 Gold Mining
21:30 Imperial Age
20:32 Bow Saw
23:03 Bodkin Arrow
25:05 Bracer
26:50 Ballistics
Connection lost

Rejoining the realm…

Still unreachable

The connection could not be restored.

Session expired

The server has moved on; the page needs a fresh start.